Wild vs Sharks

Created - 14 mai 2019 at 09:15

Goals
1 2 3 OT1 T
Wild 0 1 2 0 3
Sharks 1 0 2 1 4
Shots
1 2 3 OT1 T
Wild 9 13 11 4 37
Sharks 11 15 6 4 36

1st period

1. Sharks , Jonathan Huberdeau 8 (Dylan Larkin 3, Alex Pietrangelo 6) at 19:29

Penalties :
Nikita Zadorov (MIW) for Tripping (Minor) at 11:01

2nd period

2. Wild , Marcus Johansson 1 (Chris Tierney 2, Anton Khudobin) at 9:39

Penalties :
Ryan Hartman (MIW) for Holding (Minor) at 2:29

3rd period

3. Wild , Marcus Johansson 2 (Ryan Suter 9) at 2:27
4. Sharks , Sidney Crosby 5 (Gabriel Landeskog 9, Justin Braun 4) at 4:20
5. Sharks , Jonathan Drouin 8 (Jonathan Huberdeau 4) at 8:28 (PP)
6. Wild , Chris Tierney 1 (Marcus Johansson 2, Ryan Suter 10) at 12:14

Penalties :
Brayden McNabb (MIW) for Hooking (Minor) at 8:20, Alex Pietrangelo (SJS) for Hooking (Minor) at 9:40

Overtime #1

7. Sharks , Dylan Larkin 5 (Jonathan Huberdeau 5, Teuvo Teravainen 4) at 5:33

Penalties :
No Penalty

Goalie Stats

Anton Khudobin (MIW), 32 saves from 36 shots - (0,889), OTL, 11-1-1, 65:33 minutes
Jake Allen (SJS), 34 saves from 37 shots - (0,919), W, 5-4-0, 65:33 minutes

Players Stats for Wild

Player Name              G  A  P  +/- PIM S  H  SB GA TA FO     MP     PP MP  PK MP  
------------------------------------------------------------------------------------
Adam Cracknell           0  0  0   1  0   0  1  0  1  0  0/0    15:11   0:00   2:10 
Adam Lowry               0  0  0   1  0   7  0  2  1  0  7/14   14:54   0:00   1:56 
Adrian Kempe             0  0  0   2  0   1  3  0  0  0  0/0     8:43   0:00   0:00 
Anton Lindholm           0  0  0  -1  0   1  0  1  0  0  0/0    19:57   0:00   1:44 
Brad Marchand            0  0  0  -3  0   3  0  0  1  0  0/4    20:44   1:39   0:00 
Brayden McNabb           0  0  0   3  2   0  4  3  0  1  0/0    26:11   0:00   1:36 
Chris Tierney            1  1  2   2  0   2  0  1  0  1  2/4    11:43   0:00   1:56 
Christian Dvorak         0  0  0   0  0   1  1  1  1  1  0/0    20:55   0:20   1:56 
Evgeny Kuznetsov         0  0  0  -3  0   5  1  0  1  0  14/28  18:55   0:20   0:00 
Jack Eichel              0  0  0   0  0   2  0  1  1  0  6/12   20:21   1:39   0:14 
John Moore               0  0  0  -2  0   0  0  3  0  1  0/0    20:44   1:35   1:59 
Kris Letang              0  0  0  -2  0   1  2  1  0  0  0/0    17:24   0:24   0:00 
Marcus Johansson         2  1  3   2  0   3  0  0  2  0  0/0     8:43   0:00   0:00 
Nikita Zadorov           0  0  0  -1  2   0  1  2  0  1  0/0    21:35   1:35   1:25 
Ryan Hartman             0  0  0   1  2   3  1  0  0  0  0/0    12:37   0:00   0:00 
Ryan Suter               0  2  2   3  0   3  1  2  1  1  0/0    25:57   0:24   1:28 
T.J. Oshie               0  0  0  -3  0   2  1  2  0  0  0/0    18:55   0:20   0:00 
William Nylander         0  0  0   0  0   3  1  1  1  0  2/2    20:07   1:39   0:00 

Players Stats for Sharks

Player Name              G  A  P  +/- PIM S  H  SB GA TA FO     MP     PP MP  PK MP  
------------------------------------------------------------------------------------
Alex Pietrangelo         0  1  1   0  2   0  0  0  1  1  0/0    25:58   2:21   0:00 
Boone Jenner             0  0  0   1  0   2  2  2  0  0  0/1    20:38   0:00   0:58 
Brian Gibbons            0  0  0   0  0   2  0  0  0  0  0/0     9:01   0:00   0:00 
Colton Sceviour          0  0  0   0  0   1  1  0  1  2  2/5     9:59   0:00   0:58 
Dylan Larkin             1  1  2   1  0   2  0  0  0  0  8/18   21:11   2:21   0:00 
Gabriel Landeskog        0  1  1   1  0   6  2  0  0  0  0/1    22:04   2:21   0:00 
Jonathan Drouin          1  0  1  -2  0   5  1  1  2  0  7/8    13:29   1:45   0:00 
Jonathan Huberdeau       1  2  3   1  0   2  0  0  0  1  0/0    21:15   1:45   0:00 
Justin Braun             0  1  1   0  0   1  1  1  0  2  0/0    24:44   0:00   1:06 
Mark Borowiecki          0  0  0  -1  0   0  1  0  0  0  0/0    12:29   0:00   0:00 
Michael Grabner          0  0  0  -2  0   1  1  1  0  1  0/0    12:08   0:00   1:01 
Michael Raffl            0  0  0   0  0   2  0  0  0  0  1/1     9:01   0:00   0:00 
Patric Hornqvist         0  0  0  -2  0   3  0  0  0  0  0/1    13:29   1:45   0:00 
Shea Theodore            0  0  0  -1  0   1  0  0  0  0  0/0    16:54   1:45   1:35 
Sidney Crosby            1  0  1   1  0   6  0  0  1  0  15/26  22:04   2:21   0:00 
Teuvo Teravainen         0  1  1   1  0   0  1  1  1  1  0/3    20:11   0:00   1:01 
Tyson Barrie             0  0  0   1  0   0  0  0  0  1  0/0    25:30   2:21   0:53 
Zach Werenski            0  0  0   1  0   2  3  2  0  1  0/0    25:40   1:45   0:24 

3 Stars

1 - Marcus Johansson (MIW)
2 - Jonathan Huberdeau (SJS)
3 - Chris Tierney (MIW)

Power Play

Wild - 0 on 1 Attempt(s) - 0,00%
Sharks - 1 on 3 Attempt(s) - 33,33%

Penalty Kill

Wild - 2 on 3 Attempt(s) - 66,67% - Score 0 goal in Penalty Kill
Sharks - 1 on 1 Attempt(s) - 100,00% - Score 0 goal in Penalty Kill

Team Stat

Wild - Hits : 17 - Faceoff Wins : 31 - Blocked Shots : 20 - Penalty Minutes : 6
Sharks - Hits : 13 - Faceoff Wins : 33 - Blocked Shots : 8 - Penalty Minutes : 2

Official

Referees : Francis Charron and Dave Jackson
Linesman : Tony Sericolo and Andy McElman

Game Notes

No Game Note

Finance

Level 1 -- Attendance: 6000 (100,00%) -- Ticket Income 600 000 $
Level 2 -- Attendance: 5000 (100,00%) -- Ticket Income 300 000 $
Level 3 -- Attendance: 2000 (100,00%) -- Ticket Income 70 000 $
Level 4 -- Attendance: 4000 (100,00%) -- Ticket Income 80 000 $
Luxury Box -- Attendance: 1000 (100,00%) -- Ticket Income 200 000 $
Game was played at the Wananiche.
Total Attendance: 18000 (100,00%)
Total Ticket Income: 1 250 000 $
Other Income: 612 500 $
Total Income: 1 862 500 $

Wild

5 vs 5 Forward 
   Center                   Left Wing                Right Wing               Time % Phy DF OF 
 1 Evgeny Kuznetsov         Brad Marchand            T.J. Oshie               35     0   1  4  
 2 Jack Eichel              Christian Dvorak         William Nylander         35     0   1  4  
 3 Adam Lowry               Adam Cracknell           Ryan Hartman             18     0   4  1  
 4 Chris Tierney            Marcus Johansson         Adrian Kempe             12     0   2  3  

5 vs 5 Defense 
   Defense                  Defense                                           Time % Phy DF OF 
 1 Ryan Suter               Brayden McNabb                                    40     0   3  2  
 2 John Moore               Kris Letang                                       30     1   2  2  
 3 Nikita Zadorov           Anton Lindholm                                    30     0   4  1  
 4 Ryan Suter               John Moore                                        0      1   2  2  

PowerPlay Forward 
   Center                   Left Wing                Right Wing               Time % Phy DF OF 
 1 William Nylander         Brad Marchand            Jack Eichel              50     0   0  5  
 2 Christian Dvorak         Evgeny Kuznetsov         T.J. Oshie               50     0   0  5  

PowerPlay Defense
   Defense                  Defense                                           Time % Phy DF OF 
 1 Ryan Suter               Kris Letang                                       65     0   0  5  
 2 Nikita Zadorov           John Moore                                        35     0   0  5  

Penalty Kill 4 Players Forward 
   Center                   Wing                     Time % Phy DF OF 
 1 Adam Lowry               Christian Dvorak         50     0   3  2  
 2 Chris Tierney            Adam Cracknell           50     1   2  2  

Penalty Kill 4 Players Defense
   Defense                  Defense                  Time % Phy DF OF 
 1 Nikita Zadorov           Ryan Suter               50     0   5  0  
 2 Brayden McNabb           Anton Lindholm           50     0   5  0  

Penalty Kill - 3 Players Forward 
   Forward                                           Time % Phy DF OF 
 1 Adam Lowry                                        60     1   2  2  
 2 Chris Tierney                                     40     1   2  2  

Penalty Kill - 3 Players Defense
   Defense                  Defense                  Time % Phy DF OF 
 1 Ryan Suter               Nikita Zadorov           50     1   2  2  
 2 Anton Lindholm           Brayden McNabb           50     1   2  2  

4 vs 4 Forward 
   Center                   Wing                     Time % Phy DF OF 
 1 Jack Eichel              Christian Dvorak         50     1   2  2  
 2 Evgeny Kuznetsov         T.J. Oshie               50     1   2  2  

4 vs 4 Defense
   Defense                  Defense                  Time % Phy DF OF 
 1 Ryan Suter               Anton Lindholm           50     1   2  2  
 2 Kris Letang              Brayden McNabb           50     1   2  2  

Last Minutes Offensive
   Center                   Left Wing                Right Wing               Defense                  Defense                  
   Jack Eichel              Brad Marchand            Evgeny Kuznetsov         Ryan Suter               Kris Letang              

Last Minutes Defensive
   Center                   Left Wing                Right Wing               Defense                  Defense                  
   Adam Lowry               Adam Cracknell           Ryan Hartman             Ryan Suter               Brayden McNabb           

Goaltenders
Starting : Anton Khudobin           
Backup : Devan Dubnyk             

Extra Forwards
Normal : Adam Lowry, Chris Tierney, Christian Dvorak - PP : Adam Lowry, Chris Tierney - PK : Adam Cracknell
Extra Defensemen
Normal : Ryan Suter, Kris Letang, Brayden McNabb - PP : Ryan Suter - PK : John Moore, Ryan Suter
Penalty Shots
Brad Marchand, Jack Eichel, Evgeny Kuznetsov, Adam Cracknell, William Nylander
Custom OT Lines Forwards
Brad Marchand, Jack Eichel, Evgeny Kuznetsov, Adam Cracknell, William Nylander, Adam Lowry, Chris Tierney, Marcus Johansson, T.J. Oshie, Adrian Kempe
Custom OT Lines Defensemen
Ryan Suter, Nikita Zadorov, John Moore, Brayden McNabb, Kris Letang

Scratches
Drew Stafford (Healthy), Michal Kempny (Healthy)

Sharks

5 vs 5 Forward 
   Center                   Left Wing                Right Wing               Time % Phy DF OF 
 1 Sidney Crosby            Gabriel Landeskog        Boone Jenner             42     0   1  4  
 2 Dylan Larkin             Teuvo Teravainen         Jonathan Huberdeau       42     0   1  4  
 3 Jonathan Drouin          Michael Grabner          Patric Hornqvist         16     0   2  3  
 4 Colton Sceviour          Brian Gibbons            Michael Raffl            0      0   3  2  

5 vs 5 Defense 
   Defense                  Defense                                           Time % Phy DF OF 
 1 Alex Pietrangelo         Justin Braun                                      42     0   3  2  
 2 Tyson Barrie             Zach Werenski                                     42     0   3  2  
 3 Mark Borowiecki          Shea Theodore                                     16     0   4  1  
 4 Alex Pietrangelo         Justin Braun                                      0      0   4  1  

PowerPlay Forward 
   Center                   Left Wing                Right Wing               Time % Phy DF OF 
 1 Sidney Crosby            Gabriel Landeskog        Dylan Larkin             50     0   0  5  
 2 Jonathan Drouin          Jonathan Huberdeau       Patric Hornqvist         50     0   0  5  

PowerPlay Defense
   Defense                  Defense                                           Time % Phy DF OF 
 1 Alex Pietrangelo         Tyson Barrie                                      50     0   1  4  
 2 Shea Theodore            Zach Werenski                                     50     0   1  4  

Penalty Kill 4 Players Forward 
   Center                   Wing                     Time % Phy DF OF 
 1 Teuvo Teravainen         Michael Grabner          50     0   5  0  
 2 Colton Sceviour          Boone Jenner             50     0   5  0  

Penalty Kill 4 Players Defense
   Defense                  Defense                  Time % Phy DF OF 
 1 Alex Pietrangelo         Justin Braun             50     0   5  0  
 2 Tyson Barrie             Shea Theodore            50     0   5  0  

Penalty Kill - 3 Players Forward 
   Forward                                           Time % Phy DF OF 
 1 Teuvo Teravainen                                  50     0   5  0  
 2 Colton Sceviour                                   50     0   5  0  

Penalty Kill - 3 Players Defense
   Defense                  Defense                  Time % Phy DF OF 
 1 Alex Pietrangelo         Shea Theodore            50     0   5  0  
 2 Justin Braun             Mark Borowiecki          50     0   5  0  

4 vs 4 Forward 
   Center                   Wing                     Time % Phy DF OF 
 1 Boone Jenner             Michael Raffl            50     0   3  2  
 2 Dylan Larkin             Gabriel Landeskog        50     0   2  3  

4 vs 4 Defense
   Defense                  Defense                  Time % Phy DF OF 
 1 Mark Borowiecki          Justin Braun             50     0   3  2  
 2 Alex Pietrangelo         Shea Theodore            50     0   3  2  

Last Minutes Offensive
   Center                   Left Wing                Right Wing               Defense                  Defense                  
   Sidney Crosby            Gabriel Landeskog        Dylan Larkin             Alex Pietrangelo         Tyson Barrie             

Last Minutes Defensive
   Center                   Left Wing                Right Wing               Defense                  Defense                  
   Sidney Crosby            Gabriel Landeskog        Dylan Larkin             Alex Pietrangelo         Justin Braun             

Goaltenders
Starting : Jake Allen               
Backup : Casey DeSmith            

Extra Forwards
Normal : Teuvo Teravainen, Jonathan Drouin, Patric Hornqvist - PP : Boone Jenner, Jonathan Drouin - PK : Michael Grabner
Extra Defensemen
Normal : Alex Pietrangelo, Shea Theodore, Tyson Barrie - PP : Alex Pietrangelo - PK : Shea Theodore, Tyson Barrie
Penalty Shots
Sidney Crosby, Gabriel Landeskog, Dylan Larkin, Patric Hornqvist, Jonathan Huberdeau
Custom OT Lines Forwards
Sidney Crosby, Gabriel Landeskog, Dylan Larkin, Patric Hornqvist, Jonathan Huberdeau, Teuvo Teravainen, Boone Jenner, Jonathan Drouin, Michael Grabner, Colton Sceviour
Custom OT Lines Defensemen
Alex Pietrangelo, Shea Theodore, Tyson Barrie, Zach Werenski, Mark Borowiecki

Scratches
Mirco Mueller (Healthy)

% Time on Ice - Wild

Lines # - Real PCT - Wanted PCT - Time Play
Normal Forward
1 - 32% - 35% - 19:06
2 - 33% - 35% - 19:22
3 - 21% - 18% - 12:17
4 - 15% - 12% - 8:43
Normal Defense
1 - 40% - 40% - 24:05
2 - 30% - 30% - 17:41
3 - 30% - 30% - 17:42
4 - 0% - 0% - 0:00
PP Forward
1 - 83% - 50% - 1:39
2 - 17% - 50% - 0:20
PP Defense
1 - 20% - 65% - 0:24
2 - 80% - 35% - 1:35
PK Forward
1 - 47% - 50% - 1:56
2 - 53% - 50% - 2:10
PK Defense
1 - 58% - 50% - 2:22
2 - 42% - 50% - 1:44
PK3 Forward
1 - 0% - 60%
2 - 0% - 40%
PK3 Defense
1 - 0% - 50%
2 - 0% - 50%
44 Forward
1 - 0% - 50%
2 - 0% - 50%
44 Defense
1 - 0% - 50%
2 - 0% - 50%
Last Minute Offensive  - 0:00
Last Minute Defensive  - 0:00
Total
Forward - 65:33
Defense - 65:33

% Time on Ice - Sharks

Lines # - Real PCT - Wanted PCT - Time Play
Normal Forward
1 - 34% - 42% - 20:19
2 - 32% - 42% - 19:11
3 - 18% - 16% - 10:57
4 - 15% - 0% - 9:01
Normal Defense
1 - 40% - 42% - 23:38
2 - 39% - 42% - 23:21
3 - 21% - 16% - 12:29
4 - 0% - 0% - 0:00
PP Forward
1 - 57% - 50% - 2:21
2 - 43% - 50% - 1:45
PP Defense
1 - 57% - 50% - 2:21
2 - 43% - 50% - 1:45
PK Forward
1 - 51% - 50% - 1:01
2 - 49% - 50% - 0:58
PK Defense
1 - 55% - 50% - 1:06
2 - 45% - 50% - 0:53
PK3 Forward
1 - 0% - 50%
2 - 0% - 50%
PK3 Defense
1 - 0% - 50%
2 - 0% - 50%
44 Forward
1 - 0% - 50%
2 - 0% - 50%
44 Defense
1 - 0% - 50%
2 - 0% - 50%
Last Minute Offensive  - 0:00
Last Minute Defensive  - 0:00
Total
Forward - 65:33
Defense - 65:33

Play-by-Play

1st period


0:01 of 1st period - Sidney Crosby wins face-off versus Brad Marchand in neutral zone.
0:06 of 1st period - T.J. Oshie is hit by Gabriel Landeskog and loses puck.
0:47 of 1st period - Wrist shot by Patric Hornqvist.
0:47 of 1st period - Stopped by Anton Khudobin without a rebound.
0:48 of 1st period - Jonathan Drouin wins face-off versus Adam Lowry in Wild zone.
0:49 of 1st period - Snap shot by Patric Hornqvist.
0:49 of 1st period - Stopped by Anton Khudobin with a rebound.
0:51 of 1st period - Slapshot by Zach Werenski.
0:51 of 1st period - Stopped by Anton Khudobin with a rebound.
0:53 of 1st period - Wrist shot by Michael Grabner.
0:53 of 1st period - Stopped by Anton Khudobin with a rebound.
1:23 of 1st period - Wrist shot by Marcus Johansson.
1:23 of 1st period - Deflect By Adrian Kempe.
1:23 of 1st period - Stopped by Jake Allen with a rebound.
1:25 of 1st period - Slapshot by Chris Tierney.
1:25 of 1st period - Stopped by Jake Allen with a rebound.
1:46 of 1st period - Off-side.
1:47 of 1st period - Evgeny Kuznetsov wins face-off versus Colton Sceviour in neutral zone.
2:02 of 1st period - Slapshot by Evgeny Kuznetsov.
2:02 of 1st period - Shot Misses the Net.
2:04 of 1st period - Slapshot by Nikita Zadorov.
2:04 of 1st period - Shot Misses the Net.
2:59 of 1st period - Wrist shot by Adam Lowry.
2:59 of 1st period - Shot Misses the Net.
5:12 of 1st period - Christian Dvorak is hit by Zach Werenski and loses puck.
5:19 of 1st period - Wrist shot by Jack Eichel.
5:19 of 1st period - Deflect By Christian Dvorak.
5:19 of 1st period - Stopped by Jake Allen with a rebound.
5:21 of 1st period - Slapshot by Kris Letang.
5:21 of 1st period - Stopped by Jake Allen with a rebound.
5:31 of 1st period - Zach Werenski is hit by Adrian Kempe and loses puck.
6:04 of 1st period - Colton Sceviour is hit by Brayden McNabb and loses puck.
6:49 of 1st period - Snap shot by Sidney Crosby.
6:49 of 1st period - Shot Blocked by John Moore.
6:51 of 1st period - Wrist shot by Boone Jenner.
6:51 of 1st period - Stopped by Anton Khudobin with a rebound.
6:53 of 1st period - Slapshot by Gabriel Landeskog.
6:53 of 1st period - Shot Blocked by Kris Letang.
6:55 of 1st period - Snap shot by Gabriel Landeskog.
6:55 of 1st period - Shot Blocked by William Nylander.
7:15 of 1st period - Snap shot by Marcus Johansson.
7:15 of 1st period - Shot Misses the Net.
8:15 of 1st period - Slapshot by Sidney Crosby.
8:15 of 1st period - Shot Blocked by Brayden McNabb.
8:17 of 1st period - Snap shot by Gabriel Landeskog.
8:17 of 1st period - Shot Blocked by Ryan Suter.
8:19 of 1st period - Slapshot by Boone Jenner.
8:19 of 1st period - Shot Blocked by Brayden McNabb.
8:21 of 1st period - Slapshot by Alex Pietrangelo.
8:21 of 1st period - Shot Misses the Net.
8:35 of 1st period - Snap shot by Dylan Larkin.
8:35 of 1st period - Shot Misses the Net.
8:37 of 1st period - Snap shot by Zach Werenski.
8:37 of 1st period - Stopped by Anton Khudobin without a rebound.
8:38 of 1st period - Evgeny Kuznetsov wins face-off versus Dylan Larkin in Wild zone.
9:16 of 1st period - Kris Letang is hit by Zach Werenski and loses puck.
9:31 of 1st period - Slapshot by Jack Eichel.
9:31 of 1st period - Shot Misses the Net.
9:33 of 1st period - Slapshot by Ryan Suter.
9:33 of 1st period - Stopped by Jake Allen without a rebound.
9:34 of 1st period - Jack Eichel wins face-off versus Teuvo Teravainen in Sharks zone.
10:07 of 1st period - Snap shot by Brad Marchand.
10:07 of 1st period - Stopped by Jake Allen with a rebound.
10:41 of 1st period - Ryan Hartman is hit by Colton Sceviour.
11:01 of 1st period - Minor Penalty to Nikita Zadorov for Tripping.
11:02 of 1st period - Adam Lowry wins face-off versus Gabriel Landeskog in Wild zone.
11:11 of 1st period - Snap shot by Dylan Larkin.
11:11 of 1st period - Shot Blocked by Chris Tierney.
11:13 of 1st period - Snap shot by Sidney Crosby.
11:13 of 1st period - Shot Misses the Net.
11:15 of 1st period - Snap shot by Alex Pietrangelo.
11:15 of 1st period - Shot Blocked by Ryan Suter.
11:17 of 1st period - Snap shot by Gabriel Landeskog.
11:17 of 1st period - Stopped by Anton Khudobin without a rebound.
11:18 of 1st period - Jonathan Drouin wins face-off versus Adam Lowry in Wild zone.
11:33 of 1st period - Wrist shot by Jonathan Drouin.
11:33 of 1st period - Shot Blocked by Christian Dvorak.
11:53 of 1st period - Wrist shot by Chris Tierney.
11:53 of 1st period - Shot Hit the Post.
13:01 of 1st period - Penalty to Nikita Zadorov is over, Nikita Zadorov is back on ice.
13:44 of 1st period - Off-side.
13:45 of 1st period - Sidney Crosby wins face-off versus Evgeny Kuznetsov in neutral zone.
13:48 of 1st period - Wrist shot by Gabriel Landeskog.
13:48 of 1st period - Stopped by Anton Khudobin without a rebound.
13:49 of 1st period - Sidney Crosby wins face-off versus Brad Marchand in Wild zone.
13:54 of 1st period - Snap shot by Sidney Crosby.
13:54 of 1st period - Stopped by Anton Khudobin with a rebound.
14:02 of 1st period - Slapshot by Evgeny Kuznetsov.
14:02 of 1st period - Stopped by Jake Allen with a rebound.
14:24 of 1st period - Jonathan Huberdeau is hit by William Nylander and loses puck.
14:41 of 1st period - Wrist shot by Adam Lowry.
14:41 of 1st period - Stopped by Jake Allen with a rebound.
14:48 of 1st period - Icing by Zach Werenski.
14:49 of 1st period - Colton Sceviour wins face-off versus Evgeny Kuznetsov in Sharks zone.
15:15 of 1st period - Snap shot by Jonathan Huberdeau.
15:15 of 1st period - Shot Misses the Net.
15:23 of 1st period - Wrist shot by Jack Eichel.
15:23 of 1st period - Shot Blocked by Zach Werenski.
15:25 of 1st period - Slapshot by Nikita Zadorov.
15:25 of 1st period - Shot Misses the Net.
16:08 of 1st period - Gabriel Landeskog is hit by Kris Letang.
17:42 of 1st period - Icing by Michael Grabner.
17:43 of 1st period - Jonathan Drouin wins face-off versus Adam Lowry in Sharks zone.
19:14 of 1st period - Sidney Crosby is hit by Adam Cracknell and loses puck.
19:20 of 1st period - Off-side.
19:21 of 1st period - Evgeny Kuznetsov wins face-off versus Dylan Larkin in neutral zone.
19:29 of 1st period - Wrist shot by Jonathan Huberdeau.
19:29 of 1st period - Goal by Jonathan Huberdeau - Wild : 0 - Sharks : 1.
19:30 of 1st period - Sidney Crosby wins face-off versus Evgeny Kuznetsov in neutral zone.
19:39 of 1st period - Evgeny Kuznetsov is hit by Justin Braun and loses puck.
19:44 of 1st period - Snap shot by Sidney Crosby.
19:44 of 1st period - Stopped by Anton Khudobin without a rebound.
19:45 of 1st period - Jack Eichel wins face-off versus Dylan Larkin in Wild zone.
19:52 of 1st period - Slapshot by William Nylander.
19:52 of 1st period - Stopped by Jake Allen without a rebound.
19:53 of 1st period - Dylan Larkin wins face-off versus Jack Eichel in Sharks zone.
Goals for this period are 0 for Wild vs 1 for Sharks.
Shots for this period are 9 for Wild vs 11 for Sharks.

2nd period


0:01 of 2nd period - Evgeny Kuznetsov wins face-off versus Sidney Crosby in neutral zone.
0:04 of 2nd period - Slapshot by T.J. Oshie.
0:04 of 2nd period - Shot Misses the Net.
0:38 of 2nd period - Slapshot by William Nylander.
0:38 of 2nd period - Stopped by Jake Allen with a rebound.
1:00 of 2nd period - Wrist shot by Ryan Hartman.
1:00 of 2nd period - Shot Blocked by Jonathan Drouin.
1:02 of 2nd period - Slapshot by Anton Lindholm.
1:02 of 2nd period - Stopped by Jake Allen with a rebound.
1:34 of 2nd period - Brayden McNabb is hit by Zach Werenski and loses puck.
1:49 of 2nd period - Wrist shot by Brian Gibbons.
1:49 of 2nd period - Stopped by Anton Khudobin with a rebound.
1:51 of 2nd period - Slapshot by Mark Borowiecki.
1:51 of 2nd period - Shot Blocked by Jack Eichel.
1:53 of 2nd period - Wrist shot by Michael Raffl.
1:53 of 2nd period - Stopped by Anton Khudobin with a rebound.
1:55 of 2nd period - Slapshot by Shea Theodore.
1:55 of 2nd period - Stopped by Anton Khudobin with a rebound.
1:57 of 2nd period - Slapshot by Shea Theodore.
1:57 of 2nd period - Deflect By Brian Gibbons.
1:57 of 2nd period - Stopped by Anton Khudobin with a rebound.
2:29 of 2nd period - Minor Penalty to Ryan Hartman for Holding.
2:30 of 2nd period - Adam Lowry wins face-off versus Jonathan Drouin in Wild zone.
4:23 of 2nd period - Wrist shot by Gabriel Landeskog.
4:23 of 2nd period - Stopped by Anton Khudobin with a rebound.
4:25 of 2nd period - Slapshot by Tyson Barrie.
4:25 of 2nd period - Shot Blocked by Nikita Zadorov.
4:27 of 2nd period - Snap shot by Dylan Larkin.
4:27 of 2nd period - Stopped by Anton Khudobin without a rebound.
4:28 of 2nd period - Jonathan Drouin wins face-off versus Adam Lowry in Wild zone.
4:29 of 2nd period - Penalty to Ryan Hartman is over, Ryan Hartman is back on ice.
4:39 of 2nd period - Snap shot by Jonathan Drouin.
4:39 of 2nd period - Shot Misses the Net.
4:49 of 2nd period - Slapshot by Adam Lowry.
4:49 of 2nd period - Stopped by Jake Allen without a rebound.
4:50 of 2nd period - Michael Raffl wins face-off versus Brad Marchand in Sharks zone.
5:21 of 2nd period - Snap shot by Jonathan Drouin.
5:21 of 2nd period - Stopped by Anton Khudobin with a rebound.
5:23 of 2nd period - Wrist shot by Jonathan Drouin.
5:23 of 2nd period - Stopped by Anton Khudobin with a rebound.
5:25 of 2nd period - Slapshot by Justin Braun.
5:25 of 2nd period - Shot Blocked by John Moore.
6:00 of 2nd period - Wrist shot by Adam Lowry.
6:00 of 2nd period - Stopped by Jake Allen without a rebound.
6:01 of 2nd period - Adam Lowry wins face-off versus Sidney Crosby in Sharks zone.
6:04 of 2nd period - Wrist shot by Ryan Suter.
6:04 of 2nd period - Stopped by Jake Allen without a rebound.
6:05 of 2nd period - Sidney Crosby wins face-off versus Evgeny Kuznetsov in Sharks zone.
6:19 of 2nd period - Gabriel Landeskog is hit by Evgeny Kuznetsov and loses puck.
6:43 of 2nd period - Wrist shot by Dylan Larkin.
6:43 of 2nd period - Shot Blocked by Anton Lindholm.
7:03 of 2nd period - Wrist shot by Ryan Hartman.
7:03 of 2nd period - Stopped by Jake Allen without a rebound.
7:04 of 2nd period - Sidney Crosby wins face-off versus Evgeny Kuznetsov in Sharks zone.
7:21 of 2nd period - Snap shot by Brad Marchand.
7:21 of 2nd period - Deflect By Evgeny Kuznetsov.
7:21 of 2nd period - Shot Blocked by Boone Jenner.
7:21 of 2nd period - Puck is out of play.
7:22 of 2nd period - Jack Eichel wins face-off versus Teuvo Teravainen in Sharks zone.
8:12 of 2nd period - Snap shot by Patric Hornqvist.
8:12 of 2nd period - Stopped by Anton Khudobin without a rebound.
8:13 of 2nd period - Jonathan Drouin wins face-off versus Adam Lowry in Wild zone.
9:01 of 2nd period - Snap shot by Evgeny Kuznetsov.
9:01 of 2nd period - Shot Blocked by Zach Werenski.
9:39 of 2nd period - Backhand shot by Marcus Johansson.
9:39 of 2nd period - Goal by Marcus Johansson - Wild : 1 - Sharks : 1.
9:40 of 2nd period - Jack Eichel wins face-off versus Boone Jenner in neutral zone.
9:49 of 2nd period - Snap shot by William Nylander.
9:49 of 2nd period - Shot Blocked by Justin Braun.
10:12 of 2nd period - Slapshot by Evgeny Kuznetsov.
10:12 of 2nd period - Stopped by Jake Allen with a rebound.
10:14 of 2nd period - Slapshot by Evgeny Kuznetsov.
10:14 of 2nd period - Stopped by Jake Allen with a rebound.
10:16 of 2nd period - Snap shot by T.J. Oshie.
10:16 of 2nd period - Shot Misses the Net.
10:18 of 2nd period - Snap shot by T.J. Oshie.
10:18 of 2nd period - Shot Misses the Net.
11:33 of 2nd period - Snap shot by Evgeny Kuznetsov.
11:33 of 2nd period - Stopped by Jake Allen without a rebound.
11:34 of 2nd period - Dylan Larkin wins face-off versus Evgeny Kuznetsov in Sharks zone.
12:26 of 2nd period - Icing by Ryan Suter.
12:27 of 2nd period - Jack Eichel wins face-off versus Dylan Larkin in Wild zone.
12:27 of 2nd period - Jack Eichel is hit by Teuvo Teravainen.
12:39 of 2nd period - Snap shot by Jack Eichel.
12:39 of 2nd period - Stopped by Jake Allen with a rebound.
12:47 of 2nd period - Justin Braun is hit by Ryan Suter and loses puck.
13:33 of 2nd period - Slapshot by Ryan Suter.
13:33 of 2nd period - Shot Misses the Net.
14:11 of 2nd period - Wrist shot by Jonathan Huberdeau.
14:11 of 2nd period - Stopped by Anton Khudobin with a rebound.
14:44 of 2nd period - Off-side.
14:45 of 2nd period - Sidney Crosby wins face-off versus Evgeny Kuznetsov in neutral zone.
14:53 of 2nd period - Slapshot by Nikita Zadorov.
14:53 of 2nd period - Shot Misses the Net.
15:19 of 2nd period - Slapshot by Adam Lowry.
15:19 of 2nd period - Stopped by Jake Allen with a rebound.
15:33 of 2nd period - Wrist shot by Colton Sceviour.
15:33 of 2nd period - Stopped by Anton Khudobin without a rebound.
15:34 of 2nd period - Colton Sceviour wins face-off versus Chris Tierney in Wild zone.
17:02 of 2nd period - Snap shot by Adam Lowry.
17:02 of 2nd period - Stopped by Jake Allen without a rebound.
17:03 of 2nd period - Sidney Crosby wins face-off versus Adam Lowry in Sharks zone.
17:03 of 2nd period - Sidney Crosby is hit by Nikita Zadorov.
17:15 of 2nd period - Snap shot by Gabriel Landeskog.
17:15 of 2nd period - Stopped by Anton Khudobin with a rebound.
17:17 of 2nd period - Wrist shot by Sidney Crosby.
17:17 of 2nd period - Stopped by Anton Khudobin with a rebound.
17:51 of 2nd period - Snap shot by Jonathan Drouin.
17:51 of 2nd period - Stopped by Anton Khudobin without a rebound.
17:52 of 2nd period - Jonathan Drouin wins face-off versus Chris Tierney in Wild zone.
18:01 of 2nd period - Slapshot by Jonathan Drouin.
18:01 of 2nd period - Stopped by Anton Khudobin with a rebound.
18:17 of 2nd period - Sidney Crosby is hit by T.J. Oshie and loses puck.
19:53 of 2nd period - Justin Braun is hit by Brayden McNabb and loses puck.
Goals for this period are 1 for Wild vs 0 for Sharks.
Shots for this period are 13 for Wild vs 15 for Sharks.

3rd period


0:01 of 3rd period - Evgeny Kuznetsov wins face-off versus Sidney Crosby in neutral zone.
0:16 of 3rd period - Wrist shot by Gabriel Landeskog.
0:16 of 3rd period - Shot Misses the Net.
0:52 of 3rd period - Slapshot by Brian Gibbons.
0:52 of 3rd period - Shot Misses the Net.
1:18 of 3rd period - Backhand shot by Jack Eichel.
1:18 of 3rd period - Shot Misses the Net.
1:20 of 3rd period - Slapshot by William Nylander.
1:20 of 3rd period - Stopped by Jake Allen without a rebound.
1:21 of 3rd period - Sidney Crosby wins face-off versus Evgeny Kuznetsov in Sharks zone.
1:34 of 3rd period - Wrist shot by Sidney Crosby.
1:34 of 3rd period - Stopped by Anton Khudobin with a rebound.
1:36 of 3rd period - Slapshot by Zach Werenski.
1:36 of 3rd period - Shot Misses the Net.
1:38 of 3rd period - Backhand shot by Sidney Crosby.
1:38 of 3rd period - Shot Blocked by T.J. Oshie.
2:15 of 3rd period - Icing by Jonathan Drouin.
2:16 of 3rd period - Chris Tierney wins face-off versus Patric Hornqvist in Sharks zone.
2:17 of 3rd period - Snap shot by Marcus Johansson.
2:17 of 3rd period - Shot Misses the Net.
2:25 of 3rd period - Wrist shot by Marcus Johansson.
2:25 of 3rd period - Stopped by Jake Allen with a rebound.
2:27 of 3rd period - Snap shot by Marcus Johansson.
2:27 of 3rd period - Goal by Marcus Johansson - Wild : 2 - Sharks : 1.
2:28 of 3rd period - Evgeny Kuznetsov wins face-off versus Sidney Crosby in neutral zone.
2:41 of 3rd period - Snap shot by T.J. Oshie.
2:41 of 3rd period - Shot Misses the Net.
3:22 of 3rd period - Justin Braun is hit by Brayden McNabb and loses puck.
4:03 of 3rd period - Off-side.
4:04 of 3rd period - Evgeny Kuznetsov wins face-off versus Sidney Crosby in neutral zone.
4:18 of 3rd period - Snap shot by Sidney Crosby.
4:18 of 3rd period - Shot Blocked by John Moore.
4:20 of 3rd period - Snap shot by Sidney Crosby.
4:20 of 3rd period - Goal by Sidney Crosby - Wild : 2 - Sharks : 2.
4:21 of 3rd period - Sidney Crosby wins face-off versus Evgeny Kuznetsov in neutral zone.
4:24 of 3rd period - Brad Marchand is hit by Boone Jenner and loses puck.
4:37 of 3rd period - T.J. Oshie is hit by Boone Jenner and loses puck.
4:54 of 3rd period - Slapshot by Jack Eichel.
4:54 of 3rd period - Deflect By Teuvo Teravainen.
4:54 of 3rd period - Shot Hit the Post.
4:54 of 3rd period - Puck is out of play.
4:55 of 3rd period - Dylan Larkin wins face-off versus Jack Eichel in Sharks zone.
6:21 of 3rd period - Jonathan Huberdeau is hit by Adrian Kempe and loses puck.
6:34 of 3rd period - Slapshot by Gabriel Landeskog.
6:34 of 3rd period - Stopped by Anton Khudobin without a rebound.
6:35 of 3rd period - Sidney Crosby wins face-off versus Jack Eichel in Wild zone.
7:28 of 3rd period - Slapshot by Tyson Barrie.
7:28 of 3rd period - Shot Blocked by Adam Lowry.
7:34 of 3rd period - Wrist shot by Ryan Hartman.
7:34 of 3rd period - Stopped by Jake Allen with a rebound.
7:36 of 3rd period - Slapshot by John Moore.
7:36 of 3rd period - Deflect By Adam Lowry.
7:36 of 3rd period - Shot Misses the Net.
7:36 of 3rd period - Puck is out of play.
7:37 of 3rd period - Evgeny Kuznetsov wins face-off versus Sidney Crosby in Sharks zone.
7:46 of 3rd period - Snap shot by Boone Jenner.
7:46 of 3rd period - Shot Blocked by T.J. Oshie.
8:04 of 3rd period - Ryan Suter is hit by Mark Borowiecki and loses puck.
8:20 of 3rd period - Minor Penalty to Brayden McNabb for Hooking.
8:21 of 3rd period - Jonathan Drouin wins face-off versus Adam Lowry in Wild zone.
8:28 of 3rd period - Snap shot by Jonathan Drouin.
8:28 of 3rd period - Goal by Jonathan Drouin - Wild : 2 - Sharks : 3.
8:29 of 3rd period - Sidney Crosby wins face-off versus Evgeny Kuznetsov in neutral zone.
8:36 of 3rd period - Wrist shot by Sidney Crosby.
8:36 of 3rd period - Stopped by Anton Khudobin with a rebound.
9:21 of 3rd period - Off-side.
9:22 of 3rd period - Evgeny Kuznetsov wins face-off versus Sidney Crosby in neutral zone.
9:31 of 3rd period - Snap shot by T.J. Oshie.
9:31 of 3rd period - Stopped by Jake Allen with a rebound.
9:33 of 3rd period - Wrist shot by T.J. Oshie.
9:33 of 3rd period - Stopped by Jake Allen with a rebound.
9:35 of 3rd period - Backhand shot by Brad Marchand.
9:35 of 3rd period - Shot Blocked by Boone Jenner.
9:37 of 3rd period - Snap shot by Brad Marchand.
9:37 of 3rd period - Deflect By Evgeny Kuznetsov.
9:37 of 3rd period - Shot Misses the Net.
9:37 of 3rd period - Puck is out of play.
9:38 of 3rd period - Dylan Larkin wins face-off versus Jack Eichel in Sharks zone.
9:40 of 3rd period - Minor Penalty to Alex Pietrangelo for Hooking.
9:41 of 3rd period - William Nylander wins face-off versus Teuvo Teravainen in Sharks zone.
10:26 of 3rd period - Icing by John Moore.
10:27 of 3rd period - William Nylander wins face-off versus Colton Sceviour in Wild zone.
11:02 of 3rd period - Wrist shot by Jack Eichel.
11:02 of 3rd period - Shot Blocked by Teuvo Teravainen.
11:04 of 3rd period - Wrist shot by Jack Eichel.
11:04 of 3rd period - Shot Misses the Net.
11:06 of 3rd period - Slapshot by John Moore.
11:06 of 3rd period - Shot Blocked by Michael Grabner.
11:08 of 3rd period - Slapshot by Brad Marchand.
11:08 of 3rd period - Stopped by Jake Allen with a rebound.
11:10 of 3rd period - Snap shot by Jack Eichel.
11:10 of 3rd period - Shot Misses the Net.
11:40 of 3rd period - Penalty to Alex Pietrangelo is over, Alex Pietrangelo is back on ice.
11:49 of 3rd period - Off-side.
11:50 of 3rd period - Adam Lowry wins face-off versus Sidney Crosby in neutral zone.
11:55 of 3rd period - Sidney Crosby is hit by Ryan Hartman and loses puck.
12:14 of 3rd period - Snap shot by Chris Tierney.
12:14 of 3rd period - Goal by Chris Tierney - Wild : 3 - Sharks : 3.
12:15 of 3rd period - Adam Lowry wins face-off versus Dylan Larkin in neutral zone.
12:24 of 3rd period - Snap shot by Ryan Suter.
12:24 of 3rd period - Shot Misses the Net.
12:32 of 3rd period - Snap shot by Teuvo Teravainen.
12:32 of 3rd period - Shot Blocked by Brayden McNabb.
13:25 of 3rd period - Slapshot by Alex Pietrangelo.
13:25 of 3rd period - Shot Misses the Net.
13:27 of 3rd period - Wrist shot by Justin Braun.
13:27 of 3rd period - Deflect By Jack Eichel.
13:27 of 3rd period - Stopped by Anton Khudobin without a rebound.
13:28 of 3rd period - Adam Lowry wins face-off versus Dylan Larkin in Wild zone.
14:23 of 3rd period - Wrist shot by Patric Hornqvist.
14:23 of 3rd period - Shot Blocked by Nikita Zadorov.
14:25 of 3rd period - Slapshot by Shea Theodore.
14:25 of 3rd period - Shot Misses the Net.
15:01 of 3rd period - Wrist shot by Adam Lowry.
15:01 of 3rd period - Stopped by Jake Allen without a rebound.
15:02 of 3rd period - Adam Lowry wins face-off versus Sidney Crosby in Sharks zone.
15:03 of 3rd period - Slapshot by Ryan Suter.
15:03 of 3rd period - Stopped by Jake Allen with a rebound.
15:05 of 3rd period - Wrist shot by Ryan Hartman.
15:05 of 3rd period - Deflect By Adam Lowry.
15:05 of 3rd period - Stopped by Jake Allen without a rebound.
15:06 of 3rd period - Evgeny Kuznetsov wins face-off versus Sidney Crosby in Sharks zone.
15:13 of 3rd period - Snap shot by Brad Marchand.
15:13 of 3rd period - Shot Misses the Net.
17:14 of 3rd period - William Nylander is hit by Michael Grabner and loses puck.
17:53 of 3rd period - Zach Werenski is hit by Adrian Kempe and loses puck.
18:08 of 3rd period - Tyson Barrie is hit by Christian Dvorak and loses puck.
19:01 of 3rd period - Icing by T.J. Oshie.
19:02 of 3rd period - Jack Eichel wins face-off versus Sidney Crosby in Wild zone.
19:46 of 3rd period - Shea Theodore is hit by Brayden McNabb and loses puck.
19:55 of 3rd period - Chris Tierney is hit by Jonathan Drouin and loses puck.
Goals for this period are 2 for Wild vs 2 for Sharks.
Shots for this period are 11 for Wild vs 6 for Sharks.

Overtime #1


0:01 of 1st overtime period - Evgeny Kuznetsov wins face-off versus Dylan Larkin in neutral zone.
0:26 of 1st overtime period - John Moore is hit by Gabriel Landeskog and loses puck.
1:09 of 1st overtime period - Slapshot by Michael Raffl.
1:09 of 1st overtime period - Stopped by Anton Khudobin without a rebound.
1:10 of 1st overtime period - Chris Tierney wins face-off versus Colton Sceviour in Wild zone.
2:34 of 1st overtime period - Snap shot by Ryan Hartman.
2:34 of 1st overtime period - Stopped by Jake Allen without a rebound.
2:35 of 1st overtime period - Sidney Crosby wins face-off versus Jack Eichel in Sharks zone.
2:43 of 1st overtime period - Off-side.
2:44 of 1st overtime period - Sidney Crosby wins face-off versus Jack Eichel in neutral zone.
3:03 of 1st overtime period - Slapshot by Gabriel Landeskog.
3:03 of 1st overtime period - Shot Misses the Net.
3:05 of 1st overtime period - Wrist shot by Boone Jenner.
3:05 of 1st overtime period - Stopped by Anton Khudobin without a rebound.
3:06 of 1st overtime period - Evgeny Kuznetsov wins face-off versus Dylan Larkin in Wild zone.
3:12 of 1st overtime period - Off-side.
3:13 of 1st overtime period - Evgeny Kuznetsov wins face-off versus Dylan Larkin in neutral zone.
3:19 of 1st overtime period - Off-side.
3:20 of 1st overtime period - Dylan Larkin wins face-off versus Brad Marchand in neutral zone.
3:31 of 1st overtime period - Wrist shot by Evgeny Kuznetsov.
3:31 of 1st overtime period - Shot Misses the Net.
3:33 of 1st overtime period - Snap shot by Evgeny Kuznetsov.
3:33 of 1st overtime period - Stopped by Jake Allen without a rebound.
3:34 of 1st overtime period - Dylan Larkin wins face-off versus Evgeny Kuznetsov in Sharks zone.
3:42 of 1st overtime period - Off-side.
3:43 of 1st overtime period - Evgeny Kuznetsov wins face-off versus Dylan Larkin in neutral zone.
3:50 of 1st overtime period - Backhand shot by Brad Marchand.
3:50 of 1st overtime period - Stopped by Jake Allen without a rebound.
3:51 of 1st overtime period - Dylan Larkin wins face-off versus Evgeny Kuznetsov in Sharks zone.
3:51 of 1st overtime period - Dylan Larkin is hit by Kris Letang.
4:29 of 1st overtime period - Slapshot by Jack Eichel.
4:29 of 1st overtime period - Stopped by Jake Allen without a rebound.
4:30 of 1st overtime period - Sidney Crosby wins face-off versus Evgeny Kuznetsov in Sharks zone.
5:13 of 1st overtime period - Wrist shot by Sidney Crosby.
5:13 of 1st overtime period - Shot Blocked by Adam Lowry.
5:15 of 1st overtime period - Wrist shot by Gabriel Landeskog.
5:15 of 1st overtime period - Shot Misses the Net.
5:21 of 1st overtime period - Snap shot by Gabriel Landeskog.
5:21 of 1st overtime period - Stopped by Anton Khudobin without a rebound.
5:22 of 1st overtime period - Dylan Larkin wins face-off versus Evgeny Kuznetsov in Wild zone.
5:33 of 1st overtime period - Slapshot by Dylan Larkin.
5:33 of 1st overtime period - Goal by Dylan Larkin - Wild : 3 - Sharks : 4.
Goals for this period are 0 for Wild vs 1 for Sharks.
Shots for this period are 4 for Wild vs 4 for Sharks.